Map: Acid Plant LE

Players

ShoWTimE

  • Race: Protoss Protoss
  • Spawn Location: 11:00

SortOf - Winner!

  • Race: Zerg Zerg
  • Spawn Location: 5:00

Event: WCS Valencia 2018

VOD

Have the link to the VOD?

Description

Time

  • Played on: July 12, 2018, 11:51 a.m.
  • Length: 8:58

All games in this series

Show
View Real Time Build Order
Export as new Build Order

ShoWTimE Protoss 

Build Orders: 1 Gate Expand, Oracle Opening, Phoenix Opening, Archon Immortal, Zealot Archon, Archon Drop 

Get SALT Encoding   

  12  0:00  Probe  
  13  0:12  Probe  
  14  0:18  Pylon  
  14  0:24  Probe  
  15  0:33  Probe  
  15  0:40  Gateway  
  15  0:41  Probe  
  16  0:46  Assimilator  
  17  0:51  Probe  
  18  1:03  Probe  
  19  1:15  Probe  
  20  1:25  Nexus  
  20  1:35  Cybernetics Core  
  20  1:38  Probe  
  21  1:45  Assimilator  
  21  1:50  Probe  
  22  1:54  Pylon  
  22  2:02  Probe  
  22  2:03  Adept  
  23  2:14  Probe  
  26  2:16  Stargate  
  26  2:23  Warp Gate  
  26  2:26  Probe  
  26  2:29  Adept  
  27  2:33  Probe  
  29  2:38  Probe  
  29  2:41  Probe  
  31  2:50  Probe  
  33  2:51  Probe  
  33  2:53  Phoenix  
  33  2:56  Adept  
  36  3:03  Probe  
  36  3:04  Probe  
  40  3:09  Oracle, Pylon  
  40  3:15  Probe  
  40  3:16  Probe  
  42  3:25  Assimilator  
  42  3:26  Assimilator  
  45  3:29  Probe  
  45  3:30  Probe  
  47  3:37  Gateway  
  47  3:41  Probe x2  
  48  3:48  Robotics Facility  
  49  3:50  Probe  
  49  3:53  Probe  
  51  3:56  Pylon  
  51  3:58  Probe  
  52  4:05  Probe  
  52  4:07  Twilight Council  
  52  4:09  Probe  
  54  4:17  Probe  
  54  4:21  Probe  
  54  4:22  Gateway  
  54  4:23  Gateway  
  56  4:26  Warp Prism  
  56  4:33  Pylon  
  58  4:41  Zealot  
  60  4:47  Templar Archives  
  60  5:01  Pylon  
  60  5:03  Nexus  
  60  5:04  Probe x2  
  62  5:15  Forge  
  62  5:17  Probe x2  
  64  5:23  Observer  
  64  5:24  Shield Battery  
  64  5:25  High Templar x4  
  64  5:27  Charge  
  73  5:30  Pylon, Probe x2  
  73  5:31  Archon x2  
  75  5:39  Immortal, Pylon  
  75  5:42  Probe  
  76  5:43  Probe  
  81  5:54  Protoss Ground Weapons Level 1, Probe  
  81  5:55  Probe  
  83  6:00  Gateway  
  83  6:04  Gateway  
  83  6:07  Probe  
  83  6:08  Robotics Facility  
  83  6:09  Immortal  
  83  6:10  Probe  
  85  6:18  Probe  
  86  6:19  Probe  
  86  6:22  Probe  
  92  6:27  Sentry x2  
  92  6:29  Sentry  
  92  6:30  Probe  
  92  6:31  Probe  
  100  6:34  Probe  
  100  6:35  Pylon  
  101  6:40  Immortal  
  101  6:42  Pylon, Probe  
  101  6:43  Probe  
  103  6:47  Immortal  
  103  6:49  Assimilator  
  103  6:53  Pylon  
  107  6:55  Assimilator  
  107  6:56  Probe  
  107  6:57  Probe  
  113  7:04  Photon Cannon  
  113  7:06  Psionic Storm  
  113  7:15  Photon Cannon, Pylon  
  113  7:19  Photon Cannon, Pylon  
  113  7:24  Shield Battery, High Templar  
  113  7:26  Immortal, Pylon  
  113  7:29  Immortal  
  123  7:42  High Templar  
  123  7:43  Gateway  
  125  7:45  Gateway  
  125  7:53  Immortal, Photon Cannon, Shield Battery  
  125  7:55  High Templar  
  125  7:58  Immortal  
  127  8:03  Pylon  
  135  8:14  Shield Battery  
  135  8:21  Zealot x4  
  135  8:23  Shield Battery  
  144  8:35  Shield Battery  
  124  8:45  Archon  
  101  8:49  Zealot x6  
Show
View Real Time Build Order
Export as new Build Order

SortOf Zerg - Winner!

Build Orders: Hatch First, Lurkers 

Get SALT Encoding   

  12  0:00  Drone  
  13  0:13  Overlord  
  13  0:16  Drone  
  14  0:31  Drone x2  
  16  0:48  Hatchery  
  15  0:51  Drone  
  15  0:55  Drone  
  17  1:00  Drone  
  18  1:08  Extractor  
  17  1:14  Spawning Pool  
  17  1:16  Drone  
  17  1:20  Drone  
  18  1:28  Drone  
  19  1:40  Drone  
  20  1:51  Overlord  
  20  2:01  Queen x2  
  20  2:03  Zergling x2  
  20  2:04  Zergling x2  
  26  2:12  Metabolic Boost  
  26  2:14  Drone x2  
  28  2:22  Drone x2  
  30  2:33  Drone  
  31  2:40  Hatchery  
  31  2:43  Drone  
  31  2:46  Overlord  
  31  2:48  Drone  
  32  2:54  Drone x2  
  34  3:03  Queen  
  36  3:06  Drone x2  
  36  3:11  Drone  
  36  3:12  Drone x2  
  41  3:17  Overlord  
  41  3:20  Drone  
  41  3:21  Queen  
  41  3:26  Overlord  
  44  3:38  Spore Crawler, Drone  
  44  3:39  Drone  
  44  3:40  Spore Crawler  
  44  3:45  Drone x3  
  47  3:49  Overlord  
  47  3:52  Zergling x4  
  47  3:53  Zergling x4  
  47  3:54  Drone  
  52  3:56  Queen  
  52  4:02  Drone  
  55  4:04  Drone x2  
  55  4:08  Spore Crawler  
  56  4:13  Extractor  
  56  4:14  Spore Crawler  
  56  4:16  Spore Crawler, Drone  
  53  4:18  Drone x3  
  53  4:19  Drone x2  
  60  4:25  Drone x2  
  60  4:26  Drone x2  
  60  4:27  Drone  
  65  4:32  Roach Warren  
  65  4:35  Extractor, Lair  
  65  4:37  Drone x3  
  66  4:40  Extractor  
  66  4:41  Drone  
  65  4:52  Overlord  
  65  4:54  Overlord x2  
  65  4:58  Evolution Chamber  
  64  5:00  Overlord  
  64  5:01  Overlord  
  64  5:06  Drone  
  64  5:07  Drone  
  66  5:08  Overlord  
  66  5:13  Drone  
  67  5:16  Drone x9  
  76  5:22  Roach  
  76  5:23  Roach x4  
  86  5:30  Roach  
  88  5:36  Extractor  
  88  5:38  Extractor  
  88  5:39  Extractor, Roach x2  
  88  5:40  Roach, Hatchery  
  90  5:43  Hydralisk Den  
  90  5:44  Zerg Missile Weapons Level 1  
  88  5:51  Drone x3  
  88  5:52  Drone x3  
  88  5:53  Overlord  
  94  5:59  Drone x3  
  94  6:04  Drone x3  
  100  6:06  Overlord  
  100  6:07  Drone  
  101  6:12  Drone  
  101  6:14  Overlord  
  101  6:18  Grooved Spines  
  102  6:19  Lurker Den  
  102  6:24  Hydralisk x4  
  109  6:34  Hydralisk x4  
  112  6:41  Hydralisk x2  
  116  6:48  Overlord, Hydralisk  
  116  6:49  Hydralisk  
  116  6:52  Hydralisk x2  
  124  6:54  Extractor  
  123  7:01  Hydralisk x3  
  123  7:03  Overlord x3  
  129  7:08  Hydralisk x2  
  129  7:10  Overlord  
  133  7:23  Hydralisk x5  
  133  7:25  Overlord  
  133  7:26  Overlord  
  143  7:34  Overseer  
  143  7:38  Hydralisk x4  
  143  7:43  Zergling x20  
  161  7:46  Muscular Augments  
  161  7:48  Lurker  
  162  7:54  Zergling x12  
  162  7:55  Lurker  
  169  8:01  Lurker  
  170  8:06  Lurker  
  170  8:07  Zergling x18  
  180  8:17  Lurker  
  181  8:21  Zergling x14  
  185  8:32  Hydralisk  
  185  8:33  Hydralisk x3  
Tags
 
Add a new tag
Caveats
  • Supply blocks, unpowered buildings, or Contaminate may cause inaccurate times.
  • Supply counts are checked every 10 seconds.